MID
QUAD CITIES RIVER BANDITS @ HICKORY CRAWDADS
08/24/2047
 
TOP OF THE 1ST
Quad Cities River Bandits batting - Pitching for Hickory Crawdads : RHP Erik Sever
Pitching: RHP Erik Sever
Batting: LHB Bruce Arvizu 0-0: Foul Ball, location: 2F
0-1: Called Strike
0-2: Strikes out swinging
Batting: RHB Matthew Adams 0-0: Foul Ball, location: 2F
0-1: Ball
1-1: Ground out 5-3 (Groundball, 56S, EV 73.1 MPH)
Batting: LHB Mark Dearth 0-0: Called Strike
0-1: Ball
1-1: Ground out 3-1 (Groundball, 34, EV 102.5 MPH)
Top of the 1st over - 0 runs, 0 hits, 0 errors, 0 left on base; Quad Cities 0 - Hickory 0
BOTTOM OF THE 1ST
Hickory Crawdads batting - Pitching for Quad Cities River Bandits : RHP Hector Carrillo
Pitching: RHP Hector Carrillo
Batting: RHB Nate Taylor 0-0: Ball
1-0: Fly out, F9 (Flyball, 9S, EV 78.1 MPH)
Batting: LHB Tim Olsen 0-0: Ball
1-0: Foul Ball, location: 2F
1-1: Ball
2-1: Ball
3-1: Base on Balls
Batting: LHB Alfonso Collazo 0-0: Called Strike
0-1: Called Strike
0-2: Ball
1-2: Foul Ball, location: 2F
1-2: Strikes out swinging
Batting: RHB Aaron Ware 0-0: Ball
Tim Olsen is caught stealing 2nd base 2-4
Bottom of the 1st over - 0 runs, 0 hits, 0 errors, 0 left on base; Quad Cities 0 - Hickory 0
TOP OF THE 2ND
Quad Cities River Bandits batting - Pitching for Hickory Crawdads : RHP Erik Sever
Batting: RHB Marty King 0-0: Ball
1-0: Ball
2-0: Called Strike
2-1: Fly out, F7 (Flyball, 78S, EV 90.6 MPH)
Batting: RHB Adrian Martinelli 0-0: Swinging Strike
0-1: Ball
1-1: Foul Ball, location: 2F
1-2: Strikes out swinging
Batting: SHB Danny Jensen 0-0: Ball
1-0: Ball
2-0: Ball
3-0: Base on Balls
Batting: RHB Erik Smith 0-0: Ball
1-0: Ball
2-0: Called Strike
2-1: Foul Ball, location: 2F
2-2: Strikes out looking
Top of the 2nd over - 0 runs, 0 hits, 0 errors, 1 left on base; Quad Cities 0 - Hickory 0
BOTTOM OF THE 2ND
Hickory Crawdads batting - Pitching for Quad Cities River Bandits : RHP Hector Carrillo
Batting: RHB Aaron Ware 0-0: Ball
1-0: Foul Ball, location: 2F
1-1: Ground out 6-3 (Groundball, 6, EV 86.2 MPH)
Batting: LHB Justin Barker 0-0: Foul Ball, location: 2F
0-1: Called Strike
0-2: Ball
1-2: Ball
2-2: Ball
3-2: Base on Balls
Batting: RHB Dale Aubrey 0-0: Called Strike
0-1: Ball
1-1: Swinging Strike
1-2: Fly out, F7 (Flyball, 7D, EV 101.2 MPH)
Batting: RHB Matt Sanders 0-0: Called Strike
Justin Barker is caught stealing 2nd base 2-4
Bottom of the 2nd over - 0 runs, 0 hits, 0 errors, 0 left on base; Quad Cities 0 - Hickory 0
TOP OF THE 3RD
Quad Cities River Bandits batting - Pitching for Hickory Crawdads : RHP Erik Sever
Batting: RHB Kieron Clark 0-0: Ball
1-0: Ground out 6-3 (Groundball, 6, EV 104.4 MPH)
Batting: LHB Mike Staley 0-0: Fly out, F8 (Flyball, 8RS, EV 88.1 MPH)
Batting: LHB Bruce Arvizu 0-0: Ball
1-0: Ball
2-0: Foul Ball, location: 2F
2-1: Foul Ball, location: 2F
2-2: Ground out U3 (Groundball, 34S, EV 86.9 MPH)
Top of the 3rd over - 0 runs, 0 hits, 0 errors, 0 left on base; Quad Cities 0 - Hickory 0
BOTTOM OF THE 3RD
Hickory Crawdads batting - Pitching for Quad Cities River Bandits : RHP Hector Carrillo
Batting: RHB Matt Sanders 0-0: Called Strike
0-1: Called Strike
0-2: Foul Ball, location: 2F
0-2: Foul Ball, location: 2F
0-2: Ground out 5-3 (Groundball, 56, EV 82.5 MPH)
Batting: RHB Isaiah Yarbrough 0-0: Fly out, F6 (Line Drive, 6, EV 73.8 MPH)
Batting: RHB Gavin Fimple 0-0: Ball
1-0: DOUBLE (Line Drive, 89D, EV 106.2 MPH)
Batting: RHB Nate Taylor 0-0: Ball
1-0: Called Strike
1-1: Ball
2-1: Called Strike
2-2: Ball
3-2: 2-RUN HOME RUN (Flyball, 7D, EV 96.2 MPH), Distance : 393 ft
Batting: LHB Tim Olsen 0-0: Ball
1-0: Ball
2-0: Ball
3-0: Base on Balls
Batting: LHB Alfonso Collazo 0-0: Called Strike
0-1: Foul Ball, location: 2F
0-2: Ball
1-2: Fly out, F9 (Line Drive, 89S, EV 90.0 MPH)
Bottom of the 3rd over - 2 runs, 2 hits, 0 errors, 1 left on base; Quad Cities 0 - Hickory 2
TOP OF THE 4TH
Quad Cities River Bandits batting - Pitching for Hickory Crawdads : RHP Erik Sever
Batting: RHB Matthew Adams 0-0: Ball
1-0: Ball
2-0: Ball
3-0: Called Strike
3-1: Base on Balls
Batting: LHB Mark Dearth 0-0: Ball
Wild Pitch!
Matthew Adams to second
1-0: Foul Ball, location: 2F
1-1: Ground out 1-3 (Groundball, 13S, EV 62.5 MPH)
Matthew Adams to third
Batting: RHB Marty King 0-0: Ball
1-0: Ball
2-0: Ball
3-0: DOUBLE (Line Drive, 9LS, EV 87.5 MPH)
Matthew Adams scores
Batting: RHB Adrian Martinelli 0-0: Foul Ball, location: 2F
0-1: Called Strike
0-2: Ball
1-2: Ball
2-2: Ground out 6-3 (Groundball, 56, EV 88.8 MPH)
Batting: SHB Danny Jensen 0-0: Ball
1-0: Called Strike
1-1: Called Strike
1-2: Strikes out swinging
Top of the 4th over - 1 run, 1 hit, 0 errors, 1 left on base; Quad Cities 1 - Hickory 2
BOTTOM OF THE 4TH
Hickory Crawdads batting - Pitching for Quad Cities River Bandits : RHP Hector Carrillo
Batting: RHB Aaron Ware 0-0: Called Strike
0-1: Foul Ball, location: 2F
0-2: Fly out, F8 (Flyball, 78M, EV 91.9 MPH)
Batting: LHB Justin Barker 0-0: Called Strike
0-1: Ball
1-1: Ball
2-1: Ball
3-1: Base on Balls
Batting: RHB Dale Aubrey 0-0: Called Strike
Justin Barker steals 2nd base
0-1: Swinging Strike
0-2: Ball
1-2: Strikes out swinging
Batting: RHB Matt Sanders 0-0: Called Strike
0-1: Foul Ball, location: 2F
0-2: Foul Ball, location: 2F
0-2: Ball
1-2: Strikes out swinging
Bottom of the 4th over - 0 runs, 0 hits, 0 errors, 1 left on base; Quad Cities 1 - Hickory 2
TOP OF THE 5TH
Quad Cities River Bandits batting - Pitching for Hickory Crawdads : RHP Erik Sever
Batting: RHB Erik Smith 0-0: Ground out 6-3 (Groundball, 6, EV 104.4 MPH)
Batting: RHB Kieron Clark 0-0: Ball
1-0: Foul Ball, location: 2F
1-1: Swinging Strike
1-2: Foul Ball, location: 2F
1-2: Strikes out swinging
Batting: LHB Mike Staley 0-0: Ball
1-0: Ball
2-0: Ground out 3-1 (Groundball, 34S, EV 83.8 MPH)
Top of the 5th over - 0 runs, 0 hits, 0 errors, 0 left on base; Quad Cities 1 - Hickory 2
BOTTOM OF THE 5TH
Hickory Crawdads batting - Pitching for Quad Cities River Bandits : RHP Hector Carrillo
Batting: RHB Isaiah Yarbrough 0-0: Ball
1-0: Ball
2-0: Ball
3-0: Base on Balls
Batting: RHB Gavin Fimple 0-0: Swinging Strike
0-1: Swinging Strike
0-2: Ball
Isaiah Yarbrough is caught stealing 2nd base 2-4
1-2: Foul Ball, location: 2F
1-2: Ball
2-2: Strikes out swinging
Batting: RHB Nate Taylor 0-0: Foul Ball, location: 2F
0-1: Ball
1-1: Ball
2-1: Foul Ball, location: 2F
2-2: Foul Ball, location: 2F
2-2: Ground out 5-3 (Groundball, 56, EV 87.5 MPH)
Bottom of the 5th over - 0 runs, 0 hits, 0 errors, 0 left on base; Quad Cities 1 - Hickory 2
TOP OF THE 6TH
Quad Cities River Bandits batting - Pitching for Hickory Crawdads : RHP Erik Sever
Batting: LHB Bruce Arvizu 0-0: Ball
1-0: Called Strike
1-1: Ball
2-1: Foul Ball, location: 2F
2-2: Strikes out swinging, 2-3 out at first.
Batting: RHB Matthew Adams 0-0: Ground out 1-3 (Groundball, 13S, EV 71.2 MPH)
Batting: LHB Mark Dearth 0-0: Ball
1-0: Ball
2-0: Foul Ball, location: 2F
2-1: Swinging Strike
2-2: Strikes out swinging
Top of the 6th over - 0 runs, 0 hits, 0 errors, 0 left on base; Quad Cities 1 - Hickory 2
BOTTOM OF THE 6TH
Hickory Crawdads batting - Pitching for Quad Cities River Bandits : RHP Hector Carrillo
Batting: LHB Tim Olsen 0-0: Ball
1-0: Foul Ball, location: 2F
1-1: Foul Ball, location: 2F
1-2: Ball
2-2: Ball
3-2: Base on Balls
Batting: LHB Alfonso Collazo 0-0: Called Strike
Tim Olsen is caught stealing 2nd base 2-6
0-1: Ball
1-1: Ball
2-1: SINGLE (Groundball, 6D, EV 95.6 MPH)
Batting: RHB Aaron Ware 0-0: Ball
1-0: Ball
Pickoff Throw to First - Out! 1-3
2-0: Ball
3-0: Called Strike
3-1: Base on Balls
Batting: LHB Justin Barker 0-0: Fielders Choice at 2nd, 5-4 (Groundball, 5, EV 81.9 MPH)
Bottom of the 6th over - 0 runs, 1 hit, 0 errors, 1 left on base; Quad Cities 1 - Hickory 2
TOP OF THE 7TH
Quad Cities River Bandits batting - Pitching for Hickory Crawdads : RHP Erik Sever
Batting: RHB Marty King 0-0: Ball
1-0: Called Strike
1-1: SINGLE (Groundball, 6MD, EV 108.1 MPH)
Batting: RHB Adrian Martinelli 0-0: Foul Ball, location: 2F
0-1: Swinging Strike
0-2: Ball
1-2: Ball
2-2: Fielders Choice at 2nd, 5-4 (Groundball, 5, EV 83.1 MPH)
Batting: SHB Danny Jensen 0-0: Ball
1-0: Called Strike
1-1: Called Strike
1-2: Strikes out swinging
Batting: RHB Erik Smith 0-0: Called Strike
0-1: Ball
1-1: Foul Ball, location: 2F
1-2: Strikes out looking
Top of the 7th over - 0 runs, 1 hit, 0 errors, 1 left on base; Quad Cities 1 - Hickory 2
BOTTOM OF THE 7TH
Hickory Crawdads batting - Pitching for Quad Cities River Bandits : RHP Hector Carrillo
Batting: RHB Dale Aubrey 0-0: Ball
1-0: Ball
2-0: Called Strike
2-1: Ball
3-1: Foul Ball, location: 2F
3-2: Base on Balls
Batting: RHB Matt Sanders 0-0: Bunted foul
0-1: Sac Bunt to P - play at first, batter OUT! 1-3
Dale Aubrey to second
Pitching: RHP Robin Yelland
Batting: RHB Isaiah Yarbrough 0-0: Called Strike
0-1: Called Strike
0-2: Foul Ball, location: 2F
0-2: Ball
1-2: SINGLE (Groundball, 23, EV 68.1 MPH) (infield hit)
Dale Aubrey to third
Batting: RHB Gavin Fimple 0-0: Ball
1-0: SINGLE (Groundball, 4MD, EV 101.2 MPH)
Dale Aubrey scores
Isaiah Yarbrough to second
Batting: RHB Nate Taylor 0-0: Called Strike
0-1: DOUBLE (Flyball, 8RXD, EV 98.8 MPH)
Isaiah Yarbrough scores
Gavin Fimple to third
Runner from 3rd tries for Home, SAFE, no throw by CF
Batting: LHB Tim Olsen 0-0: Ball
1-0: Foul Ball, location: 2F
1-1: Foul Ball, location: 2F
1-2: Ball
2-2: Foul Ball, location: 2F
2-2: Ball
3-2: Foul Ball, location: 2F
3-2: SINGLE (Groundball, 25, EV 71.2 MPH) (infield hit)
Nate Taylor to third
Batting: LHB Alfonso Collazo 0-0: Called Strike
Tim Olsen is caught stealing 2nd base 2-6
0-1: Ball
1-1: Called Strike
1-2: Foul Ball, location: 2F
1-2: SINGLE (Line Drive, 89S, EV 106.9 MPH)
Nate Taylor scores
Pitching: LHP Francisco de la Torre
Batting: RHB Aaron Ware 0-0: Foul Ball, location: 2F
0-1: Ball
1-1: Foul Ball, location: 2F
1-2: Foul Ball, location: 2F
1-2: Fly out, F8 (Flyball, 8RS, EV 82.5 MPH)
Bottom of the 7th over - 4 runs, 5 hits, 0 errors, 1 left on base; Quad Cities 1 - Hickory 6
TOP OF THE 8TH
Quad Cities River Bandits batting - Pitching for Hickory Crawdads : RHP Erik Sever
Batting: RHB Kieron Clark 0-0: Ball
1-0: Called Strike
1-1: Ball
2-1: Ground out 6-3 (Groundball, 6, EV 90.0 MPH)
Batting: LHB Mike Staley 0-0: Ball
1-0: Ball
2-0: Foul Ball, location: 2F
2-1: Foul Ball, location: 2F
2-2: SINGLE (Groundball, 34D, EV 95.0 MPH)
Batting: LHB Bruce Arvizu 0-0: Ball
1-0: Called Strike
1-1: Ball
2-1: Swinging Strike
2-2: Ball
3-2: SINGLE (Groundball, 6MD, EV 104.4 MPH)
Mike Staley to second
Mike Staley to third
Batting: RHB Matthew Adams 0-0: Called Strike
0-1: Called Strike
0-2: Ball
1-2: Foul Ball, location: 2F
1-2: Strikes out swinging
Batting: LHB Mark Dearth 0-0: Called Strike
0-1: Called Strike
0-2: Ground out 2-3 (Groundball, 13S, EV 68.8 MPH)
Top of the 8th over - 0 runs, 2 hits, 0 errors, 2 left on base; Quad Cities 1 - Hickory 6
BOTTOM OF THE 8TH
Hickory Crawdads batting - Pitching for Quad Cities River Bandits : LHP Francisco de la Torre
Batting: LHB Justin Barker 0-0: Ball
1-0: Ball
2-0: Foul Ball, location: 2F
2-1: Ball
3-1: Base on Balls
Batting: RHB Dale Aubrey 0-0: Ball
1-0: Called Strike
1-1: Called Strike
1-2: Ball
2-2: Foul Ball, location: 2F
2-2: Ball
3-2: Base on Balls
Justin Barker to second
Batting: RHB Matt Sanders 0-0: Sac Bunt to 15S - play at first, batter OUT! 1-3
Justin Barker to third
Dale Aubrey to second
Batting: RHB Isaiah Yarbrough 0-0: Ball
1-0: Ball
2-0: Foul Ball, location: 2F
2-1: Ball
3-1: Base on Balls
Batting: RHB Gavin Fimple 0-0: Foul Ball, location: 2F
0-1: SINGLE (Groundball, 6MD, EV 99.4 MPH)
Justin Barker scores
Dale Aubrey to third
Isaiah Yarbrough to second
Runner from 3rd tries for Home, SAFE, throw by CF to home
Batting: RHB Nate Taylor 0-0: Called Strike
0-1: Ball
1-1: Ball
2-1: Ball
3-1: Foul Ball, location: 2F
3-2: Foul Ball, location: 2F
3-2: Base on Balls
Isaiah Yarbrough to third
Gavin Fimple to second
Batting: LHB Tim Olsen 0-0: Called Strike
0-1: Ball
1-1: DOUBLE (Flyball, 78XD, EV 113.8 MPH)
Isaiah Yarbrough scores
Gavin Fimple scores
Nate Taylor to third
Runner from 3rd tries for Home, SAFE, throw by LF to trailing runner, OUT at third! 7-3-5
Pitching: RHP Josh Willig
Batting: LHB Alfonso Collazo 0-0: Ball
1-0: Called Strike
1-1: Swinging Strike
1-2: Foul Ball, location: 2F
1-2: Fly out, F8 (Line Drive, 8LM, EV 106.9 MPH)
Bottom of the 8th over - 5 runs, 2 hits, 0 errors, 0 left on base; Quad Cities 1 - Hickory 11
TOP OF THE 9TH
Quad Cities River Bandits batting - Pitching for Hickory Crawdads : RHP Erik Sever
Pitching: RHP Eddie Rojo
Batting: RHB Marty King 0-0: Foul Ball, location: 2F
0-1: Ball
1-1: Ball
2-1: Foul Ball, location: 2F
2-2: Ball
3-2: Base on Balls
Batting: RHB Adrian Martinelli 0-0: Fly out, F7 (Flyball, 7S, EV 83.8 MPH)
Batting: SHB Danny Jensen 0-0: Called Strike
0-1: Foul Ball, location: 2F
0-2: Strikes out swinging
Batting: RHB Erik Smith 0-0: Swinging Strike
0-1: Swinging Strike
0-2: Ball
1-2: Ball
2-2: Strikes out swinging
Top of the 9th over - 0 runs, 0 hits, 0 errors, 1 left on base; Quad Cities 1 - Hickory 11
Thursday, December 15th , 2022 - OOTP Baseball 23.9 Build 102